 Dungeon Crawl Stone Soup version 0.31.0-32-g396128a36d (webtiles) character file.

Game seed: 13384072955431794031

286 countageddon the Chopper (level 6, -7/53 HPs)
             Began as a Minotaur Fighter on Apr 5, 2024.
             Mangled by an orc warrior
             ... wielding a +0 glaive
              (10 damage)
             ... on level 4 of the Dungeon on Apr 14, 2024.
             The game lasted 00:18:36 (2834 turns).

countageddon the Chopper (Minotaur Fighter)         Turns: 2834, Time: 00:18:37

Health: -7/53      AC:  8    Str: 25    XL:     6   Next: 8%
Magic:  5/5        EV: 10    Int:  5    God:
Gold:   151        SH:  5    Dex: 15    Spells: 5/5 levels left

rFire   . . .        a - +1 war axe
rCold   . . .        c - +0 buckler
rNeg    + . .        b - +0 scale mail
rPois   .            (helmet restricted)
rElec   .            (no cloak)
rCorr   .            f - +0 pair of gloves
SInv    .            (no boots)
Will    .....        (no amulet) Stlth
                     g - ring "Egiub" {rN+ Str+2 Dex+6}
HPRegen 0.28/turn    (no ring)
MPRegen 0.09/turn

%: no passive effects
@: no status effects
A: horns 2, retaliatory headbutt
a: no special abilities


You were on level 4 of the Dungeon.
You visited 1 branch of the dungeon, and saw 4 of its levels.

You collected 151 gold pieces.

Inventory:

Hand Weapons
 a - a +1 war axe (weapon)
Missiles
 n - 2 throwing nets (quivered)
Armour
 b - a +0 scale mail (worn)
 c - a +0 buckler (worn)
 f - a +0 pair of gloves (worn)
 i - a scarf of shadows
Jewellery
 g - the ring "Egiub" (left hand) {rN+ Str+2 Dex+6}
   (You acquired it on level 1 of the Dungeon)

   [ring of dexterity]

   Str+2:     It affects your strength (+2).
   Dex+6:     It affects your dexterity (+6).
   rN+:       It protects you from negative energy.
Talismans
 e - a serpent talisman
Scrolls
 h - 9 scrolls of identify
 j - a scroll of blinking
 k - a scroll of teleportation {unknown}
 p - a scroll of poison {unknown}
Potions
 d - 3 potions of might
 l - a potion of lignification
 m - a potion of curing {unknown}
 o - a potion of heal wounds


   Skills:
 + Level 4.7 Fighting
 + Level 5.5 Axes
 + Level 4.8 Armour
 + Level 0.7 Dodging
 + Level 4.5 Shields


You had 5 spell levels left.
You didn't know any spells.
Your spell library was empty.

Dungeon Overview and Level Annotations

Branches:
Dungeon (4/15)
 Temple: D:4-7

Altars:
Cheibriados
Hepliaklqana
Ru
Trog


Innate Abilities, Weirdness & Mutations

You have a pair of horns on your head.
You reflexively headbutt those who attack you in melee.


Message History

You have reached level 6!
You see here a hound corpse.
Found a stone staircase leading down.
Found an escape hatch in the ceiling.
There is an escape hatch in the ceiling here.
An orc warrior comes into view. It is wielding a +0 glaive.
Found a glowing war axe.
The orc warrior shouts!
Found a bloodstained altar of Trog.
There is an escape hatch in the ceiling here.
The orc warrior hits you with a +0 glaive.
Blink to where?
Press: ? - help, Dir - move target, f - orc warrior
Aim: an orc warrior, wielding a +0 glaive and wearing a +0 chain mail You can't blink onto the orc warrior!
Blink to where?
Press: ? - help, Dir - move target, f/p - orc warrior
Aim: an orc warrior, wielding a +0 glaive and wearing a +0 chain mail You can't blink onto the orc warrior!
Blink to where?
Press: ? - help, Dir - move target, f - you, p - orc warrior Blink to where?
Press: ? - help, Dir - move target
As you read the scroll labelled YGAIHUARUX, it crumbles to dust.
It was a scroll of blinking.
The orc warrior hits you from afar with a +0 glaive!
You block the orc warrior's attack.
You closely miss the orc warrior.
The orc warrior hits you with a +0 glaive!
You hit the orc warrior.
The orc warrior is moderately wounded.
The orc warrior hits you with a +0 glaive!
* * * LOW HITPOINT WARNING * * *
You block the orc warrior's attack. You block the orc warrior's attack.
The orc warrior hits you from afar with a +0 glaive.
* * * LOW HITPOINT WARNING * * *
The orc warrior attacks as it pursues you!
The orc warrior hits you from afar with a +0 glaive!
You die...

###################
.......†........@.########
.
#########.#######.o......#
#. #.# ########<######.#
### #.. #..o..o.## #..
>... #######... #.# #....
#... #.# #.#... ##.. #.#
#..#### #. #.# #


You could see an orc warrior.

Vanquished Creatures
  A scorpion (D:4)
  A hound (D:4)
  Jessica (D:3)
  Natasha (D:2)
  An orc wizard (D:3)
  3 adders
  4 dart slugs
  A ribbon worm (D:2)
  10 orcs
  3 bats
  An endoplasm (D:2)
  A giant cockroach (D:4)
  5 goblins
  4 hobgoblins
  3 jackals
  9 quokkas
  11 ball pythons
  4 frilled lizards
  8 kobolds
  8 rats
80 creatures vanquished.

Notes
Turn   | Place    | Note
-------+----------+-------------------------------------------
     0 | D:1      | countageddon the Minotaur Fighter began the quest for the
                  | Orb.
     0 | D:1      | Reached XP level 1. HP: 19/19 MP: 0/0
   142 | D:1      | Reached XP level 2. HP: 27/27 MP: 1/1
   247 | D:1      | Identified a scroll of acquirement
   247 | D:1      | Acquired the ring "Egiub" {rN+ Str+2 Dex+6}
   381 | D:1      | Reached XP level 3. HP: 33/33 MP: 2/2
   990 | D:2      | Reached skill level 3 in Axes
  1304 | D:2      | Noticed Natasha
  1309 | D:2      | Killed Natasha
  1310 | D:2      | Reached XP level 4. HP: 32/40 MP: 3/3
  1463 | D:3      | Reached skill level 4 in Axes
  1808 | D:3      | Noticed Jessica
  1818 | D:3      | Killed Jessica
  1819 | D:3      | Reached XP level 5. HP: 36/47 MP: 4/4
  1930 | D:3      | Identified the +7 mace "Ysytiwel" {freeze, rPois Dex+4}
  1995 | D:3      | Found a hazy altar of Hepliaklqana.
  1996 | D:3      | Found a snail-covered altar of Cheibriados.
  2052 | D:3      | Identified the +0 ring mail "Erelau" {Int+3 SInv}
  2155 | D:3      | Found a sacrificial altar of Ru.
  2514 | D:4      | Reached skill level 5 in Axes
  2779 | D:4      | Reached XP level 6. HP: 49/53 MP: 5/5
  2806 | D:4      | Noticed an orc warrior
  2807 | D:4      | Found a bloodstained altar of Trog.
  2834 | D:4      | Mangled by an orc warrior

Illustrated notes

Levels and vault maps discovered:
D:1:      lemuel_arrival_river_ford, layout_rooms
D:2:      layout_basic, minmay_cupped, uniq_natasha
D:3:      layout_loops_ring, mainiacjoe_overflow_divided_tiny,
          nicolae_ru_path_of_blood, uniq_jessica
D:4:      layout_loops_ring, nzn_overflow_gifts_of_might_and_magic

Skill      XL: |  1  2  3  4  5 |
---------------+----------------+-----
Armour         | 4 |  4.8
Fighting       | 4 |  4.7
Shields        | 4 |  4.5
Axes           | 3 4 5 |  5.5
Dodging        | |  0.7

Action                     |  1- 3 |  4- 6 || total
---------------------------+-------+-------++-------
  Melee: War axe           |    82 |    56 ||   138
         Headbutt          |    14 |     7 ||    21
    Use: Scroll            |     3 |     2 ||     5
         Potion            |     2 |       ||     2
 Armour: Scale mail        |    69 |    42 ||   111
  Dodge: Dodged            |    46 |    23 ||    69
  Block: Buckler           |    22 |    27 ||    49
